 Dungeon Crawl Stone Soup version 0.21-a0-584-g185da8e (webtiles) character file.

41 mortelune the Skirmisher (level 3, -1/29 HPs)
             Began as a Demonspawn Abyssal Knight on Dec 21, 2017.
             Was a Follower of Lugonu.
             Slain by an adder (5 damage)
             ... on level 2 of the Dungeon.
             The game lasted 00:04:34 (1566 turns).

mortelune the Skirmisher (DsAK)                     Turns: 1566, Time: 00:04:35

Health: -1/29      AC:  3    Str: 13    XL:     3   Next: 32%
Magic:  4/4        EV:  8    Int: 18    God:    Lugonu [*.....]
Gold:   99         SH:  7    Dex: 12    Spells: 2/2 levels left

rFire    . . .     SeeInvis .   a - +2 mace
rCold    . . .     Gourm    .   k - +1 shield
rNeg     . . .     Faith    .   b - +0 leather armour
rPois    .         Spirit   .   (no helmet)
rElec    .         Reflect  .   (no cloak)
rCorr    .         Harm     .   (no gloves)
MR       .....                  (no boots)
Stlth    ++........             (no amulet)
HPRegen  0.09/turn              (no ring)
MPRegen  0.09/turn              (no ring)

@: brilliant, lethally poisoned (-1 -> -8)
A: hooves 1, nightstalker 1
a: Depart the Abyss, Renounce Religion


You were on level 2 of the Dungeon.
You worshipped Lugonu.
Lugonu was aware of your devotion.
You were not hungry.

You visited 1 branch of the dungeon, and saw 2 of its levels.
You visited the Abyss 1 time.

You collected 99 gold pieces.

Inventory:

Hand Weapons
 a - a +2 mace (weapon)
 g - a +4 whip
Missiles
 f - 41 sling bullets
Armour
 b - a +0 leather armour (worn)
 k - a +1 shield (worn)
Scrolls
 d - a scroll of enchant armour
 e - a scroll of fog {unknown}
 h - 2 scrolls of identify {unknown}
 j - a scroll of teleportation
 l - 2 scrolls of amnesia {unknown}
Comestibles
 c - 2 rations


   Skills:
 + Level 3.3 Fighting
 * Level 2.7 Maces & Flails
 + Level 2.2 Armour
 - Level 0.8 Dodging
 - Level 2.4 Invocations


You had 2 spell levels left.
You didn't know any spells.

Dungeon Overview and Level Annotations

Branches:
Dungeon (2/15)

Altars:


Innate Abilities, Weirdness & Mutations

You have large cloven feet.
You are slightly more attuned to the shadows.


Message History

* * * LOW HITPOINT WARNING * * *
You closely miss the adder.
The adder is moderately wounded.
You feel sick. The adder barely misses you. You block the adder's attack.
There is an open door here.
You miss the adder.
The adder is moderately wounded.
The adder bites you.
* * * LOW HITPOINT WARNING * * *
You closely miss the adder.
The adder is moderately wounded.
You feel sick. The adder bites you.
* * * LOW HITPOINT WARNING * * *
You are lethally poisoned!
The adder poisons you! The adder closely misses you.
It was a potion of brilliance.
You feel clever all of a sudden. The adder bites you but does no damage.
The adder bites you.
You die...

#####.#######.### #.# #.#
#.# #.# ##'## #.# ##.>.##
#.# ##.....## #.###
##.......## #.#.##
#.........###....##########
+........S@................
#.........####....#########
##..<รท...## ##...# #
##.....## ##.## # ##...##
#.# # ##+## #.# # #.# # #.#
#### #.# #...


You could see an adder.

Vanquished Creatures
  An adder (D:1)
  2 bats (D:1)
  A giant cockroach (D:1)
  7 goblins
  5 hobgoblins (D:1)
  4 jackals (D:1)
  3 kobolds
  A frilled lizard (D:1)
  3 rats (D:1)
27 creatures vanquished.

Notes
Turn   | Place    | Note
-------+----------+-------------------------------------------
     0 | Abyss:1  | mortelune the Demonspawn Abyssal Knight began the quest for the Orb.
     0 | Abyss:1  | Reached XP level 1. HP: 18/18 MP: 2/2
     5 | D:1      | Escaped the Abyss
   158 | D:1      | Reached * piety under Lugonu
   158 | D:1      | Gained mutation: You are slightly more attuned to the shadows. [demonic ancestry]
   158 | D:1      | Reached XP level 2. HP: 18/24 MP: 3/3
  1172 | D:1      | Gained mutation: You have large cloven feet. [demonic ancestry]
  1172 | D:1      | Reached XP level 3. HP: 29/29 MP: 4/4
  1566 | D:2      | Slain by an adder

Vault maps used:
D:1:      minmay_arrival_pointy
D:2:      lemuel_coloured_pillars_altar

Skill      XL: |  1 |
---------------+----+-----
Maces & Flails | 2 |  2.7
Armour         | 2 |  2.2
Fighting       | |  3.3
Dodging        | |  0.8
Invocations    | |  2.4

Action                   || total
-------------------------++-------
Melee: Mace              ||    70
       Kick              ||     2
Invok: Depart the Abyss  ||     1
  Use: Scroll            ||     4
       Potion            ||     1
 Stab: Sleeping          ||     1
  Eat: Chunk             ||     2
Armor: Leather armour    ||    19
Dodge: Dodged            ||    43
Block: Shield            ||     4

Table legend:
 A = Spawn XP
 B = Non-spawn XP
 C = Spawn XP percentage of total XP
 D = Spawn monster count
 E = Non-spawn monster count
 F = Spawn count percentage of total count
 G = Total turns spent on level
                    A         B        C        D         E        F      G
               +---------+---------+-------+---------+---------+-------+---------
         Total |       0 |      59 |   0.0 |       0 |      27 |   0.0 |  1566
               +---------+---------+-------+---------+---------+-------+---------
           D:1 |       0 |      55 |   0.0 |       0 |      24 |   0.0 |  1271
           D:2 |       0 |       4 |   0.0 |       0 |       3 |   0.0 |   290
               +---------+---------+-------+---------+---------+-------+---------
